 Seeded DCSS version 0.28.0-47-ge53b351184 (webtiles) character file.

Game seed: 523019199727972820 (custom seed)

4263 thiscave3701365 the Cleaver (level 10, 0/126 HPs)
             Began as a Minotaur Berserker on May 9, 2022.
             Was a Believer of Trog.
             Slain by a 12-headed hydra (3 damage)
             ... on level 8 of the Dungeon.
             The game lasted 00:07:37 (13086 turns).

thiscave3701365 the Cleaver (Minotaur Berserker)   Turns: 13086, Time: 00:07:37

Health: 0/126      AC: 19    Str: 33    XL:     10   Next: 10%
Magic:  9/9        EV:  3    Int:  4    God:    Trog [**....]
Gold:   453        SH:  9    Dex:  9    Spells: 9/9 levels left

rFire   + . .      SeeInvis .   a - +0 hand axe
rCold   + . .      Faith    .   D - +0 tower shield
rNeg    . . .      Spirit   .   E - +0 crystal plate armour
rPois   +          Reflect  .   (helmet restricted)
rElec   .          Harm     .   (no cloak)
rCorr   .          Rampage  .   (no gloves)
Will    .....                   (no boots)
Stlth   ..........              A - amulet of regeneration
HPRegen 1.11/turn               b - ring "Cirir" {rPois rF+ rC+ Str+6}
MPRegen 0.11/turn               (no ring)

@: berserking, very quick
A: horns 2, retaliatory headbutt
a: Renounce Religion, Berserk, Trog's Hand


You were on level 8 of the Dungeon.
You worshipped Trog.
Trog was pleased with you.
You visited 1 branch of the dungeon, and saw 8 of its levels.

You collected 453 gold pieces.

Inventory:

Hand Weapons
 a - a +0 hand axe (weapon)
Missiles
 l - 2 throwing nets
Armour
 D - a +0 tower shield (worn)
 E - a +0 crystal plate armour (worn)
Jewellery
 b - the ring "Cirir" (left hand) {rPois rF+ rC+ Str+6}
   (You acquired it on level 6 of the Dungeon)

   [ring of strength]

   Str:       It affects your strength (+6).
   rF:        It protects you from fire.
   rC:        It protects you from cold.
   rPois:     It protects you from poison.
 A - an amulet of regeneration (around neck)
Wands
 u - a wand of polymorph (1)
 w - a wand of paralysis (9)
 B - a wand of flame (23)
Scrolls
 c - 2 scrolls of fog {unknown}
 e - 4 scrolls of teleportation {unknown}
 i - a scroll of fear {unknown}
 j - a scroll of amnesia {unknown}
 m - 10 scrolls of identify {unknown}
 o - 3 scrolls of blinking {unknown}
 p - 2 scrolls of vulnerability {unknown}
 x - 3 scrolls of summoning {unknown}
Potions
 d - a potion of curing {unknown}
 f - a potion of berserk rage {unknown}
 g - a potion of resistance {unknown}
 h - a potion of cancellation {unknown}
 q - a potion of invisibility {unknown}
 r - a potion of might
 t - a potion of heal wounds {unknown}
 v - a potion of lignification {unknown}
 z - a potion of mutation {unknown}


   Skills:
 - Level 6.8 Fighting
 + Level 13.7 Axes
 - Level 8.7 Armour
 - Level 4.6 Dodging
 - Level 1.2 Stealth


You had 9 spell levels left.
You didn't know any spells.
Your spell library was empty.

Dungeon Overview and Level Annotations

Branches:
Dungeon (8/15)             Temple (0/1) D:4
   Lair: D:8-11

Altars:
Ashenzari
Nemelex Xobeh

Shops:
D:7 *

Annotations:
D:3 3 runed translucent doors, mortz's ghost, amateur HuCj


Innate Abilities, Weirdness & Mutations

You have a pair of horns on your head.
You reflexively headbutt those who attack you in melee.


Message History

The ten-headed hydra bites you! The ten-headed hydra bites you.
The ten-headed hydra bites you but does no damage. x2
The ten-headed hydra bites you.
The ten-headed hydra bites you but does no damage.
You block the ten-headed hydra's attack.
The ten-headed hydra bites you but does no damage.
The ten-headed hydra bites you!
You are too injured to fight recklessly!
Unknown command.
You are too injured to fight recklessly!
Unknown command.
You are too injured to fight recklessly!
You lop one of the ten-headed hydra's heads off!
The nine-headed hydra grows two more!
You slash the 11-headed hydra!
The 11-headed hydra is severely wounded.
The 11-headed hydra bites you.
The 11-headed hydra bites you but does no damage.
You block the 11-headed hydra's attack.
The 11-headed hydra bites you but does no damage.
You block the 11-headed hydra's attack.
The 11-headed hydra bites you but does no damage. x2
The 11-headed hydra bites you.
The 11-headed hydra bites you but does no damage.
The 11-headed hydra barely misses you.
The 11-headed hydra bites you but does no damage.
You hack one of the 11-headed hydra's heads off!
The ten-headed hydra grows two more!
You slash the 12-headed hydra!
The 12-headed hydra is almost dead.
You block the 12-headed hydra's attack. The 12-headed hydra bites you!
* * * LOW HITPOINT WARNING * * *
The 12-headed hydra bites you but does no damage.
You block the 12-headed hydra's attack. The 12-headed hydra bites you!
* * * LOW HITPOINT WARNING * * *
The 12-headed hydra bites you but does no damage.
The 12-headed hydra bites you!
* * * LOW HITPOINT WARNING * * *
The 12-headed hydra bites you.
* * * LOW HITPOINT WARNING * * *
The 12-headed hydra bites you.
You die...

# #..# #.# # #.## #
#..## # ##..## ####
##..## ...########
##..####### #....)....#
##.......#
###.......#####.......#
###.....#.....@.....#
#.....#....(.D....#
#.....#...........#
#.....#...........#
#######...........#
#.....(....$#
#....######## #....


You could see a 12-headed hydra.

Vanquished Creatures
  A two-headed ogre (D:8)
  Grinder (D:5)
  4 yaks (D:8)
  A steam dragon (D:6)
  Menkaure (D:5)
  2 orc warriors
  A black bear (D:8)
  A necrophage (D:6)
  4 ogres
  A centaur (D:8)
  A phantom (D:4)
  2 kobold brigands
  A bullfrog (D:7)
  A wyvern zombie (D:6)
  4 scorpions
  A wyvern skeleton (D:6)
  9 wights
  A howler monkey (D:4)
  A centaur zombie (D:6)
  2 orc priests
  2 gnoll shamans
  A jelly (D:6)
  3 hounds
  5 iguanas
  Ijyb (D:4)
  7 orc wizards
  A hound zombie (D:5)
  A hound skeleton (D:4)
  6 gnolls
  8 adders
  A white imp (D:7)
  An ufetubus (D:5)
  An adder skeleton (D:4)
  3 worms
  A dart slug (D:4)
  22 orcs
  12 endoplasms
  3 giant cockroaches
  4 goblins
  5 hobgoblins
  6 quokkas
  8 ball pythons
  6 bats
  A frilled lizard (D:1)
  15 kobolds
  8 rats
172 creatures vanquished.

Vanquished Creatures (others)
  4 plants (D:5)
4 creatures vanquished.

Grand Total: 176 creatures vanquished

Notes
Turn   | Place    | Note
-------+----------+-------------------------------------------
     0 | D:1      | thiscave3701365 the Minotaur Berserker began the quest for
                  | the Orb.
     0 | D:1      | Reached XP level 1. HP: 19/19 MP: 0/0
   374 | D:1      | Reached XP level 2. HP: 27/27 MP: 1/1
   568 | D:1      | Reached skill level 4 in Axes
   797 | D:1      | Found a faded altar of an unknown god.
  1262 | D:2      | Reached XP level 3. HP: 18/33 MP: 2/2
  2500 | D:2      | Found a broken altar of Ashenzari.
  2512 | D:2      | Reached ** piety under Trog
  3157 | D:3      | Reached XP level 4. HP: 40/40 MP: 3/3
  3259 | D:3      | Found a runed translucent gate.
  3276 | D:3      | Found a runed translucent gate.
  3276 | D:3      | Found a runed translucent gate.
  3309 | D:3      | Noticed mortz's ghost (amateur HuCj)
  3805 | D:4      | Reached XP level 5. HP: 47/47 MP: 4/4
  4069 | D:4      | Reached skill level 5 in Fighting
  4069 | D:4      | Reached skill level 5 in Axes
  4327 | D:4      | Noticed a phantom
  4331 | D:4      | Reached XP level 6. HP: 56/56 MP: 5/5
  4396 | D:4      | Noticed Ijyb
  4418 | D:4      | Killed Ijyb
  5127 | D:4      | Found a staircase to the Ecumenical Temple.
  5231 | D:4      | Reached skill level 5 in Armour
  5231 | D:4      | Reached XP level 7. HP: 62/62 MP: 6/6
  5631 | D:5      | Entered Level 5 of the Dungeon
  5631 | D:5      | Noticed Menkaure
  7040 | D:4      | Reached skill level 6 in Axes
  7864 | D:5      | Killed Menkaure
  8649 | D:5      | Noticed Grinder
  8663 | D:5      | Killed Grinder
  8664 | D:5      | Reached skill level 7 in Axes
  8664 | D:5      | Reached XP level 8. HP: 70/70 MP: 7/7
  9713 | D:6      | Reached skill level 1 in Stealth
  9930 | D:6      | Reached skill level 8 in Axes
 10808 | D:6      | Identified a scroll of acquirement
 10808 | D:6      | Acquired the ring "Cirir" {rPois rF+ rC+ Str+6}
 10867 | D:7      | Reached skill level 9 in Axes
 10867 | D:7      | Reached XP level 9. HP: 76/76 MP: 8/8
 11102 | D:7      | Found a sparkling altar of Nemelex Xobeh.
 11429 | D:7      | Found Poej's Elemental Accessories.
 11687 | D:7      | Reached skill level 10 in Axes
 12358 | D:8      | Noticed a two-headed ogre
 12367 | D:8      | Killed a two-headed ogre
 12368 | D:8      | Reached skill level 11 in Axes
 12449 | D:8      | Reached skill level 12 in Axes
 12588 | D:8      | Reached skill level 13 in Axes
 12909 | D:8      | Reached XP level 10. HP: 84/84 MP: 9/9
 13074 | D:8      | Noticed a seven-headed hydra
 13086 | D:8      | HP: 3/126 [12-headed hydra (6)]
 13086 | D:8      | Slain by a 12-headed hydra

Illustrated notes

Levels and vault maps discovered:
D:1:      minmay_arrival_floating_metal, layout_loops_corners,
          shapermc_ecumenical_altar_notcrosses, minivault_11
D:2:      layout_basic, basic_altar
D:3:      layout_basic, gammafunk_ghost_icy
D:4:      minmay_chambers_of_twos, layout_loops_cross,
          minmay_temple_entry_fiery, minmay_fractal_squares_5, uniq_ijyb
D:5:      layout_rooms, serial_bayou_lagoon_a, uniq_grinder, uniq_menkaure
D:6:      layout_loops_ring, grunt_decor_fettered, kennysheep_small_circle
D:7:      layout_loops_ring, mainiacjoe_overflow_small_starburst,
          nicolae_elemental_shop
D:8:      layout_rooms

Skill      XL: |  1  2  3  4  5  6  7  8  9 |
---------------+----------------------------+-----
Fighting       | 4 5 6 |  6.8
Axes           | 4 5 7 9 13 | 13.7
Armour         | 3 4 5 6 8 |  8.7
Dodging        | 3 4 |  4.6
Stealth        | 1 |  1.2

Action                   |  1- 3 |  4- 6 |  7- 9 | 10-12 || total
-------------------------+-------+-------+-------+-------++-------
Melee: Hand axe          |   106 |   105 |   281 |    12 ||   504
       Headbutt          |    11 |    10 |    56 |     4 ||    81
       Unarmed           |       |     5 |       |       ||     5
       Punch             |       |       |     2 |       ||     2
Invok: Berserk           |     2 |     7 |    18 |     1 ||    28
  Use: Scroll            |       |       |     1 |       ||     1
 Stab: Sleeping          |     1 |       |       |       ||     1
Armor: Animal skin       |    17 |       |       |       ||    17
       Chain mail        |     3 |    57 |    63 |       ||   123
       Crystal plate arm |       |       |   103 |    40 ||   143
Dodge: Dodged            |    58 |    59 |    80 |     2 ||   199
Block: Tower shield      |       |       |    73 |    15 ||    88
